Stars vs Coyotes (R1)

Created - November 18, 2019 at 19:02

Goals
1 2 3 OT1 SO T
Stars 0 0 1 0 0 1
Coyotes 0 0 1 0 1 2
Shots
1 2 3 OT1 SO T
Stars 20 6 10 2 3 38
Coyotes 8 6 14 2 2 30

1st period

No Goal

Penalties :
Matt Donovan (Ari) for High sticking (Minor) at 1:53, Kristopher Letang (Ari) for Interference (Minor) at 9:18, Alex Chiasson (Dal) for Hooking (Minor) at 17:35

2nd period

No Goal

Penalties :
John Tavares (Dal) for Slashing (Minor) at 1:18, John Tavares (Dal) for Attempt to injure (Major / Game Misconduct) at 3:44, Michael Del Zotto (Ari) for Holding (Minor) at 14:53

3rd period

1. Stars , Guillaume Latendresse 1 (Brian Lee 7, Michael Grabner 4) at 0:06
2. Coyotes , Evgeny Artyukhin 5 (Andrew MacDonald 3, Ramzi Abid 4) at 18:31

Penalties :
Alexander Frolov (Dal) for Roughing (Minor) at 1:29, Thomas Hickey (Ari) for High sticking (Minor) at 4:00, Cam Atkinson (Dal) for Charging (Minor) at 11:57, Brian Lee (Dal) for Roughing (Minor) at 15:04, Alexander Frolov (Dal) for Roughing (Minor) at 19:07

Overtime #1

No Goal

Penalties :
No Penalty

Shootout

Stars, Ted Purcell - Stopped by Maxime Daigneault
Coyotes, Tyler Ennis - Stopped by Cory Schneider
Stars, Guillaume Latendresse - Stopped by Maxime Daigneault
Coyotes, Marian Gaborik - Goal!
Stars, Jussi Jokinen - Stopped by Maxime Daigneault

Penalties :
No Penalty

Goalie Stats

Cory Schneider (Dal), 29 saves from 30 shots - (0.967), OTL, 6-4-1, 65:00 minutes
Maxime Daigneault (Ari), 37 saves from 38 shots - (0.974), W, 6-2-1, 65:00 minutes

Players Stats for Stars

Player Name              G  A  P  +/- PIM S  H  SB GA TA FO     MP     PP MP  PK MP  
------------------------------------------------------------------------------------
Alex Chiasson            0  0  0  -1  2   1  2  0  0  1  0/0    12:48   3:10   0:00 
Alexander Frolov         0  0  0   1  4   0  3  1  1  0  3/8    18:50   1:59   3:49 
Andrej Sustr             0  0  0   0  0   1  2  2  2  0  0/0    14:28   0:00   1:57 
Antoine Vermette         0  0  0  -1  0   1  2  0  0  1  8/11   21:33   3:10   6:47 
B.J. Crombeen            0  0  0   0  0   1  1  0  0  0  1/2     8:03   0:30   0:00 
Boris Valabik            0  0  0   0  0   0  0  1  0  1  0/0    22:12   2:56   6:53 
Brian Lee                0  1  1   0  2   3  2  1  1  1  0/0    28:24   5:00   8:05 
Cam Atkinson             0  0  0   0  2   0  0  0  0  0  0/0     6:56   0:00   0:00 
Cory Emmerton            0  0  0   0  0   4  1  0  0  0  6/14   16:53   0:00   6:42 
Evgeny Grachev           0  0  0   0  0   5  1  0  0  1  0/0    10:09   0:00   2:04 
Guillaume Latendresse    1  0  1   1  0   4  1  0  0  3  2/2    24:29   4:09   7:29 
Ian White                0  0  0   0  0   1  1  2  0  1  0/0    29:32   5:00   9:12 
John Tavares             0  0  0   0  17  4  1  1  0  0  5/11    8:37   2:15   1:02 
Johnny Oduya             0  0  0   0  0   1  2  0  0  1  0/0    22:09   2:56   6:51 
Jussi Jokinen            0  0  0  -1  0   6  3  0  0  0  0/1    17:29   3:10   4:28 
Michael Grabner          0  1  1   1  0   3  1  1  0  1  1/1    15:31   4:16   0:00 
Niklas Hjalmarsson       0  0  0   0  0   1  0  0  0  0  0/0    13:16   0:00   0:48 
Ted Purcell              0  0  0   0  0   2  0  0  2  0  0/2    11:41   1:09   0:18 

Players Stats for Coyotes

Player Name              G  A  P  +/- PIM S  H  SB GA TA FO     MP     PP MP  PK MP  
------------------------------------------------------------------------------------
Andrew MacDonald         0  1  1   1  0   0  0  0  0  0  0/0     8:11   0:00   4:38 
Anton Stralman           0  0  0  -1  0   0  2  1  2  1  0/0    19:31   1:20   3:18 
Brad Richards            0  0  0   0  0   1  4  1  0  0  6/10   20:00   6:29   2:34 
Chris Stewart            0  0  0   0  0   3  3  0  0  0  0/0    16:14   6:33   0:00 
Evgeny Artyukhin         1  0  1   1  0   2  0  0  0  0  0/1    12:33   1:12   0:00 
Jamie Arniel             0  0  0   1  0   1  2  0  0  1  5/12   17:15   1:01   4:20 
Josh Gorges              0  0  0   0  0   3  3  1  1  0  0/0    18:12   0:25   4:38 
Kristopher Letang        0  0  0   0  2   4  1  0  1  1  0/0    27:03   8:36   2:33 
Marian Gaborik           0  0  0  -1  0   2  1  0  0  1  1/1    23:04   8:01   0:00 
Martin Samuelsson        0  0  0   0  0   1  1  0  0  0  0/0    11:25   0:44   4:15 
Matt Donovan             0  0  0   0  2   2  0  0  0  1  0/0    17:49   6:25   0:00 
Michael Del Zotto        0  0  0   0  2   1  0  0  2  1  0/0    21:02   8:36   0:00 
Nazem Kadri              0  0  0  -1  0   1  3  0  2  0  14/26  21:19   8:04   0:00 
Nick Bonino              0  0  0   0  0   0  0  0  0  0  0/1     6:00   0:12   0:00 
Ramzi Abid               0  1  1   1  0   2  1  0  0  0  0/0    12:05   0:00   1:02 
Thomas Hickey            0  0  0   0  2   0  1  0  1  0  0/0    18:57   6:35   0:45 
Tyler Ennis              0  0  0  -1  0   1  1  0  2  0  0/1    22:35   8:04   1:07 
Zach Parise              0  0  0   0  0   6  2  0  0  0  0/0    18:45   6:33   2:34 

3 Stars

1 - Maxime Daigneault (Ari)
2 - Cory Schneider (Dal)
3 - Evgeny Artyukhin (Ari)

Power Play

Stars - 0 on 4 Attempt(s) - 0.00%
Coyotes - 0 on 7 Attempt(s) - 0.00%

Penalty Kill

Stars - 7 on 7 Attempt(s) - 100.00% - Score 0 goal in Penalty Kill
Coyotes - 4 on 4 Attempt(s) - 100.00% - Score 0 goal in Penalty Kill

Team Stat

Stars - Hits : 23 - Faceoff Wins : 26 - Blocked Shots : 9 - Penalty Minutes : 27
Coyotes - Hits : 25 - Faceoff Wins : 26 - Blocked Shots : 3 - Penalty Minutes : 8

Official

Referees : Unknown
Linesman : Unknown

Game Notes

John Tavares ejected from game at 3:44 of 2nd period

Finance

Level 1 -- Attendance: 6000 (100.00%) -- Ticket Income $630,000
Level 2 -- Attendance: 4694 (93.88%) -- Ticket Income $319,192
Level 3 -- Attendance: 2000 (100.00%) -- Ticket Income $80,000
Level 4 -- Attendance: 4000 (100.00%) -- Ticket Income $120,000
Luxury Box -- Attendance: 970 (97.00%) -- Ticket Income $174,600
Game was played at the The Pack Center.
Total Attendance: 17664 (98.13%)
Total Ticket Income: $1,323,792
Other Income: $198,569
Total Income: $1,522,361

Stars

5 vs 5 Forward 
   Center                   Left Wing                Right Wing               Time % Phy DF OF 
 1 John Tavares             Guillaume Latendresse    Michael Grabner          40     1   2  2  
 2 Antoine Vermette         Jussi Jokinen            Alex Chiasson            30     1   2  2  
 3 Cory Emmerton            Alexander Frolov         B.J. Crombeen            20     1   2  2  
 4 Evgeny Grachev           Ted Purcell              Cam Atkinson             10     1   2  2  

5 vs 5 Defense 
   Defense                  Defense                                           Time % Phy DF OF 
 1 Ian White                Brian Lee                                         40     1   2  2  
 2 Boris Valabik            Johnny Oduya                                      30     1   2  2  
 3 Niklas Hjalmarsson       Andrej Sustr                                      20     1   2  2  
 4 Ian White                Brian Lee                                         10     1   2  2  

PowerPlay Forward 
   Center                   Left Wing                Right Wing               Time % Phy DF OF 
 1 John Tavares             Guillaume Latendresse    Michael Grabner          60     0   2  3  
 2 Antoine Vermette         Jussi Jokinen            Alex Chiasson            40     0   2  3  

PowerPlay Defense
   Defense                  Defense                                           Time % Phy DF OF 
 1 Ian White                Brian Lee                                         60     0   2  3  
 2 Boris Valabik            Johnny Oduya                                      40     0   2  3  

Penalty Kill 4 Players Forward 
   Center                   Wing                     Time % Phy DF OF 
 1 John Tavares             Guillaume Latendresse    60     0   3  2  
 2 Jussi Jokinen            Antoine Vermette         40     0   3  2  

Penalty Kill 4 Players Defense
   Defense                  Defense                  Time % Phy DF OF 
 1 Ian White                Brian Lee                60     0   3  2  
 2 Boris Valabik            Johnny Oduya             40     0   3  2  

Penalty Kill - 3 Players Forward 
   Forward                                           Time % Phy DF OF 
 1 John Tavares                                      60     0   3  2  
 2 Guillaume Latendresse                             40     0   3  2  

Penalty Kill - 3 Players Defense
   Defense                  Defense                  Time % Phy DF OF 
 1 Ian White                Brian Lee                60     0   3  2  
 2 Boris Valabik            Johnny Oduya             40     0   3  2  

4 vs 4 Forward 
   Center                   Wing                     Time % Phy DF OF 
 1 John Tavares             Guillaume Latendresse    60     1   2  2  
 2 Jussi Jokinen            Antoine Vermette         40     1   2  2  

4 vs 4 Defense
   Defense                  Defense                  Time % Phy DF OF 
 1 Ian White                Brian Lee                60     1   2  2  
 2 Boris Valabik            Johnny Oduya             40     1   2  2  

Last Minutes Offensive
   Center                   Left Wing                Right Wing               Defense                  Defense                  
   John Tavares             Guillaume Latendresse    Michael Grabner          Ian White                Brian Lee                

Last Minutes Defensive
   Center                   Left Wing                Right Wing               Defense                  Defense                  
   John Tavares             Guillaume Latendresse    Michael Grabner          Ian White                Brian Lee                

Goaltenders
Starting : Cory Schneider           
Backup : Brian Elliott            

Extra Forwards
Normal : Alexander Frolov, Ted Purcell, Cory Emmerton - PP : Alexander Frolov, Ted Purcell - PK : Cory Emmerton
Extra Defensemen
Normal : Niklas Hjalmarsson, Andrej Sustr, Boris Valabik - PP : Niklas Hjalmarsson - PK : Andrej Sustr, Boris Valabik
Penalty Shots
John Tavares, Guillaume Latendresse, Jussi Jokinen, Antoine Vermette, Alexander Frolov

Scratches
Shawn Matthias (Healthy)

Coyotes

5 vs 5 Forward 
   Center                   Left Wing                Right Wing               Time % Phy DF OF 
 1 Nazem Kadri              Tyler Ennis              Marian Gaborik           40     0   2  3  
 2 Brad Richards            Zach Parise              Chris Stewart            30     0   2  3  
 3 Jamie Arniel             Ramzi Abid               Evgeny Artyukhin         20     1   2  2  
 4 Nick Bonino              Martin Samuelsson        Marian Gaborik           10     1   2  2  

5 vs 5 Defense 
   Defense                  Defense                                           Time % Phy DF OF 
 1 Kristopher Letang        Anton Stralman                                    40     0   3  2  
 2 Josh Gorges              Michael Del Zotto                                 30     0   3  2  
 3 Matt Donovan             Thomas Hickey                                     22     0   3  2  
 4 Andrew MacDonald         Kristopher Letang                                 8      0   3  2  

PowerPlay Forward 
   Center                   Left Wing                Right Wing               Time % Phy DF OF 
 1 Nazem Kadri              Tyler Ennis              Marian Gaborik           60     0   1  4  
 2 Brad Richards            Zach Parise              Chris Stewart            40     0   1  4  

PowerPlay Defense
   Defense                  Defense                                           Time % Phy DF OF 
 1 Kristopher Letang        Michael Del Zotto                                 60     0   2  3  
 2 Thomas Hickey            Matt Donovan                                      40     0   2  3  

Penalty Kill 4 Players Forward 
   Center                   Wing                     Time % Phy DF OF 
 1 Jamie Arniel             Martin Samuelsson        60     1   3  1  
 2 Brad Richards            Zach Parise              40     1   3  1  

Penalty Kill 4 Players Defense
   Defense                  Defense                  Time % Phy DF OF 
 1 Josh Gorges              Andrew MacDonald         60     1   4  0  
 2 Kristopher Letang        Anton Stralman           40     1   4  0  

Penalty Kill - 3 Players Forward 
   Forward                                           Time % Phy DF OF 
 1 Tyler Ennis                                       60     1   3  1  
 2 Zach Parise                                       40     1   3  1  

Penalty Kill - 3 Players Defense
   Defense                  Defense                  Time % Phy DF OF 
 1 Kristopher Letang        Anton Stralman           60     1   4  0  
 2 Josh Gorges              Michael Del Zotto        40     1   4  0  

4 vs 4 Forward 
   Center                   Wing                     Time % Phy DF OF 
 1 Nazem Kadri              Tyler Ennis              60     0   2  3  
 2 Brad Richards            Marian Gaborik           40     0   2  3  

4 vs 4 Defense
   Defense                  Defense                  Time % Phy DF OF 
 1 Kristopher Letang        Anton Stralman           60     0   3  2  
 2 Josh Gorges              Michael Del Zotto        40     0   3  2  

Last Minutes Offensive
   Center                   Left Wing                Right Wing               Defense                  Defense                  
   Nazem Kadri              Tyler Ennis              Marian Gaborik           Kristopher Letang        Michael Del Zotto        

Last Minutes Defensive
   Center                   Left Wing                Right Wing               Defense                  Defense                  
   Brad Richards            Zach Parise              Marian Gaborik           Josh Gorges              Anton Stralman           

Goaltenders
Starting : Maxime Daigneault        
Backup : Thomas McCollum          

Extra Forwards
Normal : Martin Samuelsson, Jamie Arniel, Nick Bonino - PP : Jamie Arniel, Evgeny Artyukhin - PK : Tyler Ennis
Extra Defensemen
Normal : Andrew MacDonald, Thomas Hickey, Matt Donovan - PP : Anton Stralman - PK : Thomas Hickey, Andrew MacDonald
Penalty Shots
Tyler Ennis, Marian Gaborik, Zach Parise, Nazem Kadri, Brad Richards

Scratches
Mike Weber (Healthy)

% Time on Ice - Stars

Lines # - Real PCT - Wanted PCT - Time Play
Normal Forward
1 - 36% - 40% - 12:55
2 - 25% - 30% - 9:10
3 - 20% - 20% - 7:21
4 - 19% - 10% - 6:52
Normal Defense
1 - 35% - 40% - 12:48
2 - 32% - 30% - 11:41
3 - 30% - 20% - 10:52
4 - 3% - 10% - 0:57
PP Forward
1 - 60% - 60% - 4:46
2 - 40% - 40% - 3:10
PP Defense
1 - 63% - 60% - 5:00
2 - 37% - 40% - 2:56
PK Forward
1 - 82% - 60% - 12:53
2 - 18% - 40% - 2:53
PK Defense
1 - 58% - 60% - 9:08
2 - 42% - 40% - 6:38
PK3 Forward
1 - 100% - 60% - 1:07
2 - 0% - 40% - 0:00
PK3 Defense
1 - 81% - 60% - 0:54
2 - 19% - 40% - 0:13
44 Forward
1 - 100% - 60% - 3:53
2 - 0% - 40% - 0:00
44 Defense
1 - 67% - 60% - 2:37
2 - 33% - 40% - 1:16
Last Minute Offensive  - 0:00
Last Minute Defensive  - 0:00
Total
Forward - 65:00
Defense - 65:00

% Time on Ice - Coyotes

Lines # - Real PCT - Wanted PCT - Time Play
Normal Forward
1 - 30% - 40% - 11:04
2 - 27% - 30% - 9:38
3 - 30% - 20% - 11:02
4 - 13% - 10% - 4:34
Normal Defense
1 - 33% - 40% - 12:06
2 - 35% - 30% - 12:45
3 - 26% - 22% - 9:34
4 - 5% - 8% - 1:53
PP Forward
1 - 58% - 60% - 9:13
2 - 42% - 40% - 6:33
PP Defense
1 - 59% - 60% - 9:21
2 - 41% - 40% - 6:25
PK Forward
1 - 68% - 60% - 5:22
2 - 32% - 40% - 2:34
PK Defense
1 - 57% - 60% - 4:31
2 - 43% - 40% - 3:25
PK3 Forward
1 - 0% - 60%
2 - 0% - 40%
PK3 Defense
1 - 0% - 60%
2 - 0% - 40%
44 Forward
1 - 80% - 60% - 3:59
2 - 20% - 40% - 1:01
44 Defense
1 - 57% - 60% - 2:52
2 - 43% - 40% - 2:08
Last Minute Offensive  - 0:00
Last Minute Defensive  - 0:00
Total
Forward - 65:00
Defense - 65:00

Play-by-Play

1st period


0:01 of 1st period - Nazem Kadri wins face-off versus John Tavares in neutral zone.
0:56 of 1st period - B.J. Crombeen is hit by Martin Samuelsson and loses puck.
1:11 of 1st period - Jamie Arniel is hit by Johnny Oduya and loses puck.
1:40 of 1st period - Snap shot by Zach Parise.
1:40 of 1st period - Stopped by Cory Schneider without a rebound.
1:41 of 1st period - Antoine Vermette wins face-off versus Nazem Kadri in Stars zone.
1:48 of 1st period - Backhand shot by Jussi Jokinen.
1:48 of 1st period - Stopped by Maxime Daigneault without a rebound.
1:49 of 1st period - Antoine Vermette wins face-off versus Nazem Kadri in Coyotes zone.
1:53 of 1st period - Minor Penalty to Matt Donovan for High sticking.
1:54 of 1st period - Jamie Arniel wins face-off versus John Tavares in Coyotes zone.
3:29 of 1st period - Andrew MacDonald is hit by Jussi Jokinen and loses puck.
3:48 of 1st period - Wrist shot by Brad Richards.
3:48 of 1st period - Shot Blocked by Michael Grabner.
3:53 of 1st period - Penalty to Matt Donovan is over, Matt Donovan is back on ice.
4:00 of 1st period - Matt Donovan is hit by Alexander Frolov and loses puck.
4:41 of 1st period - Niklas Hjalmarsson is hit by Anton Stralman and loses puck.
5:24 of 1st period - Antoine Vermette is hit by Brad Richards and loses puck.
5:53 of 1st period - Matt Donovan is hit by Guillaume Latendresse and loses puck.
6:41 of 1st period - Snap shot by Martin Samuelsson.
6:41 of 1st period - Shot Misses the Net.
7:07 of 1st period - Snap shot by Brad Richards.
7:07 of 1st period - Shot Blocked by John Tavares.
7:19 of 1st period - Snap shot by Tyler Ennis.
7:19 of 1st period - Shot Misses the Net.
7:50 of 1st period - Backhand shot by Ted Purcell.
7:50 of 1st period - Stopped by Maxime Daigneault with a rebound.
7:52 of 1st period - Wrist shot by Cam Atkinson.
7:52 of 1st period - Deflect By Evgeny Grachev.
7:52 of 1st period - Stopped by Maxime Daigneault without a rebound.
7:53 of 1st period - Brad Richards wins face-off versus John Tavares in Coyotes zone.
8:32 of 1st period - Backhand shot by Guillaume Latendresse.
8:32 of 1st period - Stopped by Maxime Daigneault without a rebound.
8:33 of 1st period - Antoine Vermette wins face-off versus Evgeny Artyukhin in Coyotes zone.
8:56 of 1st period - Icing by Anton Stralman.
8:57 of 1st period - Nazem Kadri wins face-off versus Cory Emmerton in Coyotes zone.
9:04 of 1st period - Wrist shot by Alexander Frolov.
9:04 of 1st period - Shot Misses the Net.
9:08 of 1st period - Snap shot by Cory Emmerton.
9:08 of 1st period - Shot Hit the Post.
9:10 of 1st period - Snap shot by Cory Emmerton.
9:10 of 1st period - Stopped by Maxime Daigneault with a rebound.
9:12 of 1st period - Slapshot by Alexander Frolov.
9:12 of 1st period - Shot Misses the Net.
9:18 of 1st period - Minor Penalty to Kristopher Letang for Interference.
9:19 of 1st period - John Tavares wins face-off versus Jamie Arniel in Coyotes zone.
9:20 of 1st period - Slapshot by Guillaume Latendresse.
9:20 of 1st period - Stopped by Maxime Daigneault with a rebound.
9:22 of 1st period - Slapshot by Ian White.
9:22 of 1st period - Stopped by Maxime Daigneault with a rebound.
9:24 of 1st period - Slapshot by Brian Lee.
9:24 of 1st period - Shot Misses the Net.
9:26 of 1st period - Wrist shot by Michael Grabner.
9:26 of 1st period - Shot Misses the Net.
9:28 of 1st period - Slapshot by John Tavares.
9:28 of 1st period - Deflect By Jamie Arniel.
9:28 of 1st period - Stopped by Maxime Daigneault with a rebound.
9:30 of 1st period - Snap shot by Michael Grabner.
9:30 of 1st period - Shot Blocked by Josh Gorges.
9:32 of 1st period - Snap shot by Michael Grabner.
9:32 of 1st period - Stopped by Maxime Daigneault with a rebound.
9:34 of 1st period - Slapshot by Brian Lee.
9:34 of 1st period - Stopped by Maxime Daigneault without a rebound.
9:35 of 1st period - John Tavares wins face-off versus Jamie Arniel in Coyotes zone.
10:08 of 1st period - Snap shot by Jussi Jokinen.
10:08 of 1st period - Stopped by Maxime Daigneault with a rebound.
10:10 of 1st period - Wrist shot by Jussi Jokinen.
10:10 of 1st period - Stopped by Maxime Daigneault with a rebound.
11:17 of 1st period - Icing by Brian Lee.
11:18 of 1st period - Penalty to Kristopher Letang is over, Kristopher Letang is back on ice.
11:18 of 1st period - Nazem Kadri wins face-off versus Antoine Vermette in Stars zone.
12:03 of 1st period - Off-side.
12:04 of 1st period - John Tavares wins face-off versus Jamie Arniel in neutral zone.
13:07 of 1st period - Matt Donovan is hit by John Tavares and loses puck.
13:16 of 1st period - Wrist shot by Guillaume Latendresse.
13:16 of 1st period - Shot Misses the Net.
13:18 of 1st period - Slapshot by Michael Grabner.
13:18 of 1st period - Stopped by Maxime Daigneault without a rebound.
13:19 of 1st period - B.J. Crombeen wins face-off versus Brad Richards in Coyotes zone.
13:24 of 1st period - Wrist shot by B.J. Crombeen.
13:24 of 1st period - Shot Misses the Net.
14:01 of 1st period - Alexander Frolov is hit by Brad Richards and loses puck.
14:08 of 1st period - Slapshot by Chris Stewart.
14:08 of 1st period - Deflect By Zach Parise.
14:08 of 1st period - Stopped by Cory Schneider with a rebound.
14:10 of 1st period - Wrist shot by Zach Parise.
14:10 of 1st period - Stopped by Cory Schneider with a rebound.
14:12 of 1st period - Wrist shot by Brad Richards.
14:12 of 1st period - Stopped by Cory Schneider with a rebound.
14:14 of 1st period - Slapshot by Kristopher Letang.
14:14 of 1st period - Shot Misses the Net.
14:16 of 1st period - Snap shot by Chris Stewart.
14:16 of 1st period - Shot Misses the Net.
14:18 of 1st period - Wrist shot by Zach Parise.
14:18 of 1st period - Shot Blocked by Alexander Frolov.
14:20 of 1st period - Snap shot by Chris Stewart.
14:20 of 1st period - Stopped by Cory Schneider with a rebound.
14:24 of 1st period - Snap shot by Brad Richards.
14:24 of 1st period - Shot Misses the Net.
14:26 of 1st period - Wrist shot by Zach Parise.
14:26 of 1st period - Stopped by Cory Schneider without a rebound.
14:27 of 1st period - Antoine Vermette wins face-off versus Nazem Kadri in Stars zone.
15:23 of 1st period - Slapshot by John Tavares.
15:23 of 1st period - Stopped by Maxime Daigneault without a rebound.
15:24 of 1st period - John Tavares wins face-off versus Nick Bonino in Coyotes zone.
15:25 of 1st period - Slapshot by Guillaume Latendresse.
15:25 of 1st period - Shot Misses the Net.
15:27 of 1st period - Snap shot by Michael Grabner.
15:27 of 1st period - Shot Misses the Net.
16:01 of 1st period - Snap shot by Ramzi Abid.
16:01 of 1st period - Deflect By Alex Chiasson.
16:01 of 1st period - Stopped by Cory Schneider without a rebound.
16:02 of 1st period - Nazem Kadri wins face-off versus John Tavares in Stars zone.
16:11 of 1st period - Wrist shot by John Tavares.
16:11 of 1st period - Stopped by Maxime Daigneault with a rebound.
16:27 of 1st period - Brad Richards is hit by Jussi Jokinen and loses puck.
16:38 of 1st period - Johnny Oduya is hit by Zach Parise and loses puck.
16:51 of 1st period - Slapshot by Cory Emmerton.
16:51 of 1st period - Stopped by Maxime Daigneault with a rebound.
16:53 of 1st period - Slapshot by Niklas Hjalmarsson.
16:53 of 1st period - Stopped by Maxime Daigneault with a rebound.
16:55 of 1st period - Snap shot by B.J. Crombeen.
16:55 of 1st period - Stopped by Maxime Daigneault without a rebound.
16:56 of 1st period - Michael Grabner wins face-off versus Jamie Arniel in Coyotes zone.
17:03 of 1st period - Snap shot by John Tavares.
17:03 of 1st period - Stopped by Maxime Daigneault with a rebound.
17:32 of 1st period - Snap shot by Jamie Arniel.
17:32 of 1st period - Stopped by Cory Schneider without a rebound.
17:33 of 1st period - Antoine Vermette wins face-off versus Nazem Kadri in Stars zone.
17:35 of 1st period - Minor Penalty to Alex Chiasson for Hooking.
17:36 of 1st period - Nazem Kadri wins face-off versus John Tavares in Stars zone.
17:40 of 1st period - Snap shot by Nazem Kadri.
17:40 of 1st period - Shot Misses the Net.
17:42 of 1st period - Slapshot by Kristopher Letang.
17:42 of 1st period - Shot Misses the Net.
19:35 of 1st period - Penalty to Alex Chiasson is over, Alex Chiasson is back on ice.
19:39 of 1st period - Slapshot by Brian Lee.
19:39 of 1st period - Stopped by Maxime Daigneault with a rebound.
19:45 of 1st period - Alex Chiasson is hit by Jamie Arniel and loses puck.
Goals for this period are 0 for Stars vs 0 for Coyotes.
Shots for this period are 20 for Stars vs 8 for Coyotes.

2nd period


0:01 of 2nd period - Marian Gaborik wins face-off versus John Tavares in neutral zone.
0:33 of 2nd period - Slapshot by Josh Gorges.
0:33 of 2nd period - Stopped by Cory Schneider with a rebound.
1:11 of 2nd period - Slapshot by Ramzi Abid.
1:11 of 2nd period - Shot Blocked by Ian White.
1:13 of 2nd period - Slapshot by Evgeny Artyukhin.
1:13 of 2nd period - Shot Blocked by Brian Lee.
1:15 of 2nd period - Slapshot by Kristopher Letang.
1:15 of 2nd period - Stopped by Cory Schneider without a rebound.
1:16 of 2nd period - John Tavares wins face-off versus Brad Richards in Stars zone.
1:18 of 2nd period - Minor Penalty to John Tavares for Slashing.
1:19 of 2nd period - Nazem Kadri wins face-off versus Cory Emmerton in Stars zone.
1:35 of 2nd period - Snap shot by Tyler Ennis.
1:35 of 2nd period - Stopped by Cory Schneider with a rebound.
2:03 of 2nd period - Slapshot by Brian Lee.
2:03 of 2nd period - Stopped by Maxime Daigneault with a rebound.
2:05 of 2nd period - Slapshot by Brian Lee.
2:05 of 2nd period - Shot Misses the Net.
2:19 of 2nd period - Alexander Frolov is hit by Tyler Ennis and loses puck.
3:18 of 2nd period - Penalty to John Tavares is over, John Tavares is back on ice.
3:25 of 2nd period - Ted Purcell is hit by Jamie Arniel and loses puck.
3:32 of 2nd period - Thomas Hickey is hit by Evgeny Grachev and loses puck.
3:44 of 2nd period - Major / Game Misconduct Penalty to John Tavares for Attempt to injure.
3:44 of 2nd period - John Tavares is ejected from game.
3:45 of 2nd period - Brad Richards wins face-off versus Cory Emmerton in Stars zone.
4:09 of 2nd period - Jussi Jokinen is hit by Nazem Kadri and loses puck.
5:30 of 2nd period - Marian Gaborik is hit by Brian Lee and loses puck.
8:16 of 2nd period - Ian White is hit by Kristopher Letang and loses puck.
8:33 of 2nd period - Ian White is hit by Chris Stewart and loses puck.
8:44 of 2nd period - Penalty to John Tavares is over, B.J. Crombeen is send on ice.
9:38 of 2nd period - Evgeny Grachev is hit by Thomas Hickey and loses puck.
9:45 of 2nd period - Nazem Kadri is hit by Andrej Sustr.
11:17 of 2nd period - Niklas Hjalmarsson is hit by Brad Richards and loses puck.
12:15 of 2nd period - Icing by Jussi Jokinen.
12:16 of 2nd period - Cory Emmerton wins face-off versus Jamie Arniel in Stars zone.
12:35 of 2nd period - Wrist shot by Alex Chiasson.
12:35 of 2nd period - Stopped by Maxime Daigneault without a rebound.
12:36 of 2nd period - Antoine Vermette wins face-off versus Brad Richards in Coyotes zone.
12:44 of 2nd period - Josh Gorges is hit by Alex Chiasson and loses puck.
13:05 of 2nd period - Tyler Ennis is hit by Michael Grabner and loses puck.
13:28 of 2nd period - Slapshot by Evgeny Grachev.
13:28 of 2nd period - Stopped by Maxime Daigneault without a rebound.
13:29 of 2nd period - Jamie Arniel wins face-off versus Alexander Frolov in Coyotes zone.
13:42 of 2nd period - Snap shot by Ramzi Abid.
13:42 of 2nd period - Stopped by Cory Schneider without a rebound.
13:43 of 2nd period - Antoine Vermette wins face-off versus Nazem Kadri in Stars zone.
13:48 of 2nd period - Slapshot by Brian Lee.
13:48 of 2nd period - Shot Blocked by Anton Stralman.
13:50 of 2nd period - Wrist shot by Jussi Jokinen.
13:50 of 2nd period - Stopped by Maxime Daigneault with a rebound.
14:00 of 2nd period - Snap shot by Jussi Jokinen.
14:00 of 2nd period - Stopped by Maxime Daigneault without a rebound.
14:01 of 2nd period - Alexander Frolov wins face-off versus Brad Richards in Coyotes zone.
14:04 of 2nd period - Snap shot by Guillaume Latendresse.
14:04 of 2nd period - Deflect By Kristopher Letang.
14:04 of 2nd period - Stopped by Maxime Daigneault with a rebound.
14:14 of 2nd period - Guillaume Latendresse is hit by Zach Parise and loses puck.
14:26 of 2nd period - Icing by Alex Chiasson.
14:27 of 2nd period - Antoine Vermette wins face-off versus Nazem Kadri in Stars zone.
14:53 of 2nd period - Minor Penalty to Michael Del Zotto for Holding.
14:54 of 2nd period - Alexander Frolov wins face-off versus Jamie Arniel in Coyotes zone.
15:04 of 2nd period - Wrist shot by Martin Samuelsson.
15:04 of 2nd period - Stopped by Cory Schneider with a rebound.
16:04 of 2nd period - Jussi Jokinen is hit by Ramzi Abid and loses puck.
16:41 of 2nd period - Andrew MacDonald is hit by B.J. Crombeen and loses puck.
16:53 of 2nd period - Penalty to Michael Del Zotto is over, Michael Del Zotto is back on ice.
17:06 of 2nd period - Slapshot by Josh Gorges.
17:06 of 2nd period - Stopped by Cory Schneider with a rebound.
17:08 of 2nd period - Backhand shot by Nazem Kadri.
17:08 of 2nd period - Shot Blocked by Boris Valabik.
18:06 of 2nd period - Jamie Arniel is hit by Andrej Sustr and loses puck.
18:56 of 2nd period - Michael Grabner is hit by Josh Gorges and loses puck.
Goals for this period are 0 for Stars vs 0 for Coyotes.
Shots for this period are 6 for Stars vs 6 for Coyotes.

3rd period


0:01 of 3rd period - Alexander Frolov wins face-off versus Nazem Kadri in neutral zone.
0:06 of 3rd period - Wrist shot by Guillaume Latendresse.
0:06 of 3rd period - Goal by Guillaume Latendresse - Stars : 1 - Coyotes : 0.
0:07 of 3rd period - Nazem Kadri wins face-off versus Alexander Frolov in neutral zone.
0:18 of 3rd period - Snap shot by Nazem Kadri.
0:18 of 3rd period - Shot Misses the Net.
0:20 of 3rd period - Wrist shot by Marian Gaborik.
0:20 of 3rd period - Shot Misses the Net.
0:22 of 3rd period - Slapshot by Kristopher Letang.
0:22 of 3rd period - Shot Misses the Net.
0:24 of 3rd period - Slapshot by Marian Gaborik.
0:24 of 3rd period - Shot Blocked by Ian White.
0:34 of 3rd period - Brad Richards is hit by Jussi Jokinen and loses puck.
1:29 of 3rd period - Minor Penalty to Alexander Frolov for Roughing.
1:30 of 3rd period - Nazem Kadri wins face-off versus Cory Emmerton in Stars zone.
1:46 of 3rd period - Wrist shot by Nazem Kadri.
1:46 of 3rd period - Shot Misses the Net.
1:56 of 3rd period - Zach Parise is hit by Antoine Vermette and loses puck.
2:19 of 3rd period - Ian White is hit by Chris Stewart and loses puck.
2:34 of 3rd period - Ian White is hit by Chris Stewart and loses puck.
2:45 of 3rd period - Wrist shot by Brad Richards.
2:45 of 3rd period - Shot Misses the Net.
2:47 of 3rd period - Slapshot by Kristopher Letang.
2:47 of 3rd period - Stopped by Cory Schneider with a rebound.
2:49 of 3rd period - Wrist shot by Zach Parise.
2:49 of 3rd period - Stopped by Cory Schneider with a rebound.
3:29 of 3rd period - Penalty to Alexander Frolov is over, Alexander Frolov is back on ice.
3:35 of 3rd period - Antoine Vermette is hit by Marian Gaborik and loses puck.
3:52 of 3rd period - Wrist shot by Ted Purcell.
3:52 of 3rd period - Stopped by Maxime Daigneault with a rebound.
4:00 of 3rd period - Minor Penalty to Thomas Hickey for High sticking.
4:01 of 3rd period - Guillaume Latendresse wins face-off versus Jamie Arniel in Coyotes zone.
4:15 of 3rd period - Slapshot by Michael Grabner.
4:15 of 3rd period - Stopped by Maxime Daigneault with a rebound.
4:32 of 3rd period - Snap shot by Alex Chiasson.
4:32 of 3rd period - Shot Misses the Net.
5:02 of 3rd period - Alex Chiasson is hit by Josh Gorges and loses puck.
6:00 of 3rd period - Penalty to Thomas Hickey is over, Thomas Hickey is back on ice.
6:12 of 3rd period - Snap shot by Cory Emmerton.
6:12 of 3rd period - Stopped by Maxime Daigneault with a rebound.
6:32 of 3rd period - Snap shot by Zach Parise.
6:32 of 3rd period - Deflect By Chris Stewart.
6:32 of 3rd period - Stopped by Cory Schneider with a rebound.
7:27 of 3rd period - Slapshot by Matt Donovan.
7:27 of 3rd period - Shot Blocked by Andrej Sustr.
8:03 of 3rd period - Slapshot by Matt Donovan.
8:03 of 3rd period - Stopped by Cory Schneider with a rebound.
8:05 of 3rd period - Snap shot by Chris Stewart.
8:05 of 3rd period - Shot Misses the Net.
8:07 of 3rd period - Snap shot by Matt Donovan.
8:07 of 3rd period - Stopped by Cory Schneider with a rebound.
8:23 of 3rd period - Boris Valabik is hit by Brad Richards and loses puck.
8:34 of 3rd period - Wrist shot by Jamie Arniel.
8:34 of 3rd period - Shot Misses the Net.
8:36 of 3rd period - Wrist shot by Anton Stralman.
8:36 of 3rd period - Shot Misses the Net.
8:58 of 3rd period - Icing by Brian Lee.
8:59 of 3rd period - Brad Richards wins face-off versus Alexander Frolov in Stars zone.
9:30 of 3rd period - Snap shot by Evgeny Grachev.
9:30 of 3rd period - Stopped by Maxime Daigneault with a rebound.
9:32 of 3rd period - Wrist shot by Evgeny Grachev.
9:32 of 3rd period - Stopped by Maxime Daigneault with a rebound.
10:37 of 3rd period - Chris Stewart is hit by Alex Chiasson and loses puck.
10:48 of 3rd period - Zach Parise is hit by Alexander Frolov and loses puck.
11:03 of 3rd period - Snap shot by Nazem Kadri.
11:03 of 3rd period - Stopped by Cory Schneider with a rebound.
11:57 of 3rd period - Minor Penalty to Cam Atkinson for Charging.
11:58 of 3rd period - Guillaume Latendresse wins face-off versus Nazem Kadri in Stars zone.
11:58 of 3rd period - Guillaume Latendresse is hit by Nazem Kadri.
12:07 of 3rd period - Icing by Tyler Ennis.
12:08 of 3rd period - Cory Emmerton wins face-off versus Nazem Kadri in Coyotes zone.
12:17 of 3rd period - Slapshot by Cory Emmerton.
12:17 of 3rd period - Stopped by Maxime Daigneault without a rebound.
12:18 of 3rd period - Nazem Kadri wins face-off versus Cory Emmerton in Coyotes zone.
13:57 of 3rd period - Penalty to Cam Atkinson is over, Cam Atkinson is back on ice.
15:04 of 3rd period - Minor Penalty to Brian Lee for Roughing.
15:05 of 3rd period - Cory Emmerton wins face-off versus Tyler Ennis in Stars zone.
15:16 of 3rd period - Slapshot by Kristopher Letang.
15:16 of 3rd period - Deflect By Cory Emmerton.
15:16 of 3rd period - Stopped by Cory Schneider without a rebound.
15:17 of 3rd period - Cory Emmerton wins face-off versus Nazem Kadri in Stars zone.
15:53 of 3rd period - Slapshot by Michael Del Zotto.
15:53 of 3rd period - Stopped by Cory Schneider with a rebound.
16:43 of 3rd period - Nazem Kadri is hit by Antoine Vermette and loses puck.
16:59 of 3rd period - Thomas Hickey is hit by Ian White and loses puck.
17:04 of 3rd period - Penalty to Brian Lee is over, Brian Lee is back on ice.
17:21 of 3rd period - Evgeny Grachev is hit by Nazem Kadri and loses puck.
17:34 of 3rd period - Andrew MacDonald is hit by Alexander Frolov and loses puck.
17:49 of 3rd period - Slapshot by Evgeny Grachev.
17:49 of 3rd period - Stopped by Maxime Daigneault with a rebound.
17:51 of 3rd period - Slapshot by Andrej Sustr.
17:51 of 3rd period - Stopped by Maxime Daigneault without a rebound.
17:52 of 3rd period - Jamie Arniel wins face-off versus Cory Emmerton in Coyotes zone.
18:01 of 3rd period - Snap shot by Evgeny Artyukhin.
18:01 of 3rd period - Stopped by Cory Schneider with a rebound.
18:03 of 3rd period - Slapshot by Jamie Arniel.
18:03 of 3rd period - Shot Misses the Net.
18:05 of 3rd period - Snap shot by Matt Donovan.
18:05 of 3rd period - Shot Blocked by Andrej Sustr.
18:07 of 3rd period - Snap shot by Ramzi Abid.
18:07 of 3rd period - Shot Misses the Net.
18:23 of 3rd period - Snap shot by Jussi Jokinen.
18:23 of 3rd period - Stopped by Maxime Daigneault without a rebound.
18:24 of 3rd period - Jamie Arniel wins face-off versus Antoine Vermette in Coyotes zone.
18:31 of 3rd period - Wrist shot by Evgeny Artyukhin.
18:31 of 3rd period - Goal by Evgeny Artyukhin - Stars : 1 - Coyotes : 1.
18:32 of 3rd period - Jamie Arniel wins face-off versus B.J. Crombeen in neutral zone.
18:54 of 3rd period - Icing by Brian Lee.
18:55 of 3rd period - Brad Richards wins face-off versus Cory Emmerton in Stars zone.
18:58 of 3rd period - Wrist shot by Zach Parise.
18:58 of 3rd period - Stopped by Cory Schneider with a rebound.
19:00 of 3rd period - Backhand shot by Nazem Kadri.
19:00 of 3rd period - Shot Misses the Net.
19:02 of 3rd period - Wrist shot by Marian Gaborik.
19:02 of 3rd period - Stopped by Cory Schneider without a rebound.
19:03 of 3rd period - Nazem Kadri wins face-off versus Alexander Frolov in Stars zone.
19:07 of 3rd period - Minor Penalty to Alexander Frolov for Roughing.
19:08 of 3rd period - Nazem Kadri wins face-off versus Cory Emmerton in Stars zone.
19:10 of 3rd period - Wrist shot by Tyler Ennis.
19:10 of 3rd period - Shot Misses the Net.
19:12 of 3rd period - Snap shot by Marian Gaborik.
19:12 of 3rd period - Stopped by Cory Schneider with a rebound.
19:38 of 3rd period - Backhand shot by Chris Stewart.
19:38 of 3rd period - Stopped by Cory Schneider without a rebound.
19:39 of 3rd period - Nazem Kadri wins face-off versus Jussi Jokinen in Stars zone.
19:42 of 3rd period - Slapshot by Tyler Ennis.
19:42 of 3rd period - Shot Misses the Net.
19:44 of 3rd period - Wrist shot by Nazem Kadri.
19:44 of 3rd period - Shot Misses the Net.
Goals for this period are 1 for Stars vs 1 for Coyotes.
Shots for this period are 10 for Stars vs 14 for Coyotes.

Overtime #1


0:01 of 1st overtime period - Cory Emmerton wins face-off versus Nazem Kadri in neutral zone.
0:21 of 1st overtime period - Icing by Tyler Ennis.
0:22 of 1st overtime period - Nazem Kadri wins face-off versus Antoine Vermette in Coyotes zone.
1:07 of 1st overtime period - Penalty to Alexander Frolov is over, Alexander Frolov is back on ice.
1:10 of 1st overtime period - Tyler Ennis is hit by Johnny Oduya and loses puck.
1:19 of 1st overtime period - Backhand shot by Antoine Vermette.
1:19 of 1st overtime period - Stopped by Maxime Daigneault with a rebound.
1:32 of 1st overtime period - Slapshot by Johnny Oduya.
1:32 of 1st overtime period - Stopped by Maxime Daigneault with a rebound.
1:34 of 1st overtime period - Snap shot by Ted Purcell.
1:34 of 1st overtime period - Shot Blocked by Brad Richards.
1:36 of 1st overtime period - Slapshot by Boris Valabik.
1:36 of 1st overtime period - Shot Misses the Net.
1:38 of 1st overtime period - Slapshot by Johnny Oduya.
1:38 of 1st overtime period - Shot Misses the Net.
2:12 of 1st overtime period - Martin Samuelsson is hit by Cory Emmerton and loses puck.
2:39 of 1st overtime period - Josh Gorges is hit by Brian Lee and loses puck.
3:34 of 1st overtime period - Niklas Hjalmarsson is hit by Josh Gorges and loses puck.
3:44 of 1st overtime period - Icing by Guillaume Latendresse.
3:45 of 1st overtime period - Brad Richards wins face-off versus Ted Purcell in Stars zone.
4:02 of 1st overtime period - Guillaume Latendresse is hit by Anton Stralman and loses puck.
4:12 of 1st overtime period - Icing by Guillaume Latendresse.
4:13 of 1st overtime period - Cory Emmerton wins face-off versus Nazem Kadri in Stars zone.
4:38 of 1st overtime period - Wrist shot by Marian Gaborik.
4:38 of 1st overtime period - Shot Misses the Net.
4:40 of 1st overtime period - Backhand shot by Josh Gorges.
4:40 of 1st overtime period - Stopped by Cory Schneider without a rebound.
4:41 of 1st overtime period - Brad Richards wins face-off versus Ted Purcell in Stars zone.
4:54 of 1st overtime period - Snap shot by Kristopher Letang.
4:54 of 1st overtime period - Stopped by Cory Schneider without a rebound.
4:55 of 1st overtime period - Nazem Kadri wins face-off versus Alexander Frolov in Stars zone.
Goals for this period are 0 for Stars vs 0 for Coyotes.
Shots for this period are 2 for Stars vs 2 for Coyotes.

ShootOut


5:00 of 1st overtime period - Round #1.
5:00 of 1st overtime period - Stars, Ted Purcell.
5:00 of 1st overtime period - Wrist shot by Ted Purcell.
5:00 of 1st overtime period - Stopped by Maxime Daigneault.
5:00 of 1st overtime period - Coyotes, Tyler Ennis.
5:00 of 1st overtime period - Snap shot by Tyler Ennis.
5:00 of 1st overtime period - Stopped by Cory Schneider.
5:00 of 1st overtime period - Round #2.
5:00 of 1st overtime period - Stars, Guillaume Latendresse.
5:00 of 1st overtime period - Snap shot by Guillaume Latendresse.
5:00 of 1st overtime period - Stopped by Maxime Daigneault.
5:00 of 1st overtime period - Coyotes, Marian Gaborik.
5:00 of 1st overtime period - Snap shot by Marian Gaborik.
5:00 of 1st overtime period - Goal by Marian Gaborik.
5:00 of 1st overtime period - Round #3.
5:00 of 1st overtime period - Stars, Jussi Jokinen.
5:00 of 1st overtime period - Snap shot by Jussi Jokinen.
5:00 of 1st overtime period - Stopped by Maxime Daigneault.